[Event "Titled Tuesday Blitz June 28 Early 2022"]
[White "Shuvalov, Evgenij"]
[Black "Bychkov, Vladimir"]
[WhiteFideId "4187237"]
[BlackFideId "24151513"]
[WhiteElo "2023"]
[BlackElo "2197"]
[Result "1-0"]
[Round "06"]
[TimeControl "180+1"]
[Date "2022.06.28"]
[WhiteClock "0:00:55"]
[BlackClock "0:00:11"]

1. Nf3 Nf6 2. c4 g6 3. Nc3 Bg7 4. e4 d6 5. d4 O-O 6. h3 e5 7. d5 a5 8. Be3 Nh5 9. g3 f5 10. exf5 e4 11. Nd4 Na6 12. Ne6 Bxe6 13. fxe6 Nc5 14. Bxc5 dxc5 15. Nxe4 Bxb2 16. Rb1 Bd4 17. Bg2 Nf6 18. O-O Nxe4 19. Bxe4 Qg5 20. Kg2 b6 21. d6 cxd6 22. Bxa8 Rxa8 23. Qf3 Rf8 24. Qd5 Qe7 25. Rxb6 Be5 26. f4 Bd4 27. Rxd6 Rb8 28. h4 Kh8 29. Rd7 Qf6 30. e7 Re8 31. Re1 h5 32. Rd8 1-0


[Site "https://www.chess.com"]

[Event "Titled Tuesday Blitz June 28 Early 2022"]
[White "Silva Lucena, Cristian"]
[Black "Pirvulescu, Ekaterina"]
[WhiteFideId "2232588"]
[BlackFideId "13506374"]
[WhiteElo "2223"]
[BlackElo "1740"]
[Result "1-0"]
[Round "06"]
[TimeControl "180+1"]
[Date "2022.06.28"]
[WhiteClock "0:00:27"]
[BlackClock "0:00:07"]

1. e4 c5 2. Nf3 g6 3. d4 cxd4 4. Nxd4 Nc6 5. Nc3 Bg7 6. Be3 Nf6 7. Bc4 O-O 8. Bb3 a5 9. O-O Nxd4 10. Bxd4 d6 11. Kh1 Bd7 12. a4 Bc6 13. Nd5 Nxd5 14. exd5 Bd7 15. Bxg7 Kxg7 16. Qd4+ Kg8 17. Rfe1 Ra6 18. Qh4 e5 19. Qxd8 Rxd8 20. f4 f6 21. fxe5 fxe5 22. Rf1 Rf8 23. Rxf8+ Kxf8 24. Rf1+ Kg7 25. Rf3 Rb6 26. Rc3 Kf6 27. Rc7 Ke7 28. h4 Rb4 29. g3 Kd8 30. Rc3 Bxa4 31. Bxa4 Rxa4 32. Rf3 Ke7 33. Rb3 Rb4 34. Rxb4 axb4 35. Kg2 Kf6 36. Kf3 h5 37. Ke4 g5 38. c3 bxc3 39. bxc3 g4 40. c4 b6 41. Kd3 Kf5 42. Ke3 e4 43. Kd4 e3 44. Kxe3 Ke5 45. Kd3 Kf5 46. Kd4 Kf6 47. Ke4 Kg6 48. Kf4 Kf6 49. Ke4 Kg6 50. Kd4 Kf6 51. Kc3 Ke5 52. Kb4 Kd4 53. Kb5 Kd3 54. Kxb6 Kxc4 55. Kc6 Kd4 56. Kxd6 Ke3 57. Ke6 Kf3 58. d6 Kxg3 59. d7 Kh2 60. d8=Q g3 61. Kf5 g2 62. Qd2 Kh1 63. Qxg2+ Kxg2 64. Kg5 Kh3 65. Kxh5 Kg3 66. Kg5 Kf3 67. h5 Ke4 68. h6 Ke5 69. h7 Ke6 70. h8=Q 1-0


[Site "https://www.chess.com"]

[Event "Titled Tuesday Blitz June 28 Early 2022"]
[White "Silva, Pedro Gil Ferreira Da"]
[Black "Pein, Jonathan"]
[WhiteFideId "1946102"]
[BlackFideId "417092"]
[WhiteElo "1863"]
[BlackElo "2140"]
[Result "0-1"]
[Round "06"]
[TimeControl "180+1"]
[Date "2022.06.28"]
[WhiteClock "0:00:02"]
[BlackClock "0:01:02"]

1. Nf3 d5 2. c4 d4 3. g3 g6 4. Bg2 Bg7 5. O-O e5 6. d3 Nc6 7. a3 a5 8. Nbd2 f5 9. c5 Nge7 10. Nc4 O-O 11. Bd2 a4 12. Qc2 h6 13. b4 axb3 14. Qxb3 Be6 15. Rfc1 Qd7 16. Rab1 Kh7 17. Qc2 Ra7 18. Rb2 Nd5 19. Rcb1 Nc3 20. Re1 e4 21. Nh4 g5 22. dxe4 gxh4 23. exf5 Bxc4 24. f6+ d3 25. exd3 Bxd3 26. Qxc3 Bxf6 27. Qc1 hxg3 28. hxg3 Bxb2 29. Qxb2 Qd4 30. Bc3 Qxc5 31. Bxc6 bxc6 32. Re7+ Qxe7 0-1


[Site "https://www.chess.com"]

[Event "Titled Tuesday Blitz June 28 Early 2022"]
[White "Silvestre, Christian"]
[Black "Hu, Merric"]
[WhiteFideId "30956269"]
[BlackFideId "30906660"]
[WhiteElo "2342"]
[BlackElo "1912"]
[Result "1/2-1/2"]
[Round "06"]
[TimeControl "180+1"]
[Date "2022.06.28"]
[WhiteClock "0:00:04"]
[BlackClock "0:01:48"]

1. e4 c5 2. Nf3 Nc6 3. d4 cxd4 4. Nxd4 Nf6 5. Nc3 g6 6. Be3 Bg7 7. f3 O-O 8. Qd2 d5 9. exd5 Nxd5 10. Nxc6 bxc6 11. Nxd5 cxd5 12. O-O-O Bf5 13. Qxd5 Qc7 14. Bd3 Rfd8 15. Qc4 Qb7 16. Qb3 Qxb3 17. axb3 Bxd3 18. Rxd3 Rxd3 19. cxd3 a5 20. d4 Rb8 21. Kc2 Rc8+ 22. Kd3 Rb8 23. Kc2 Rc8+ 24. Kb1 Rb8 25. Ka2 e6 26. Rc1 Rb4 27. Rc4 Kf8 28. Rxb4 axb4 29. Bd2 Bxd4 30. Bxb4+ Ke8 31. Bc3 Bg1 32. h3 Kd7 33. b4 Kc6 34. Kb3 Kb5 35. Kc2 f5 36. Kd3 h5 37. Bd4 Bh2 38. Bc3 Bg1 39. b3 Bf2 40. Ke2 Bg3 41. Kd3 Bf2 42. Bd4 Bh4 43. Bc5 Bf6 44. g4 hxg4 45. fxg4 Be5 46. gxf5 exf5 47. Ke3 Bc3 48. Kf4 Bd2+ 49. Ke5 Bxb4 50. Be3 Bc3+ 51. Kf4 Bf6 52. Bd2 Kc5 53. b4+ Kd5 54. Kf3 g5 55. Kg3 Ke4 56. Kg2 f4 57. b5 Bd4 58. Kf1 Kf3 59. Be1 Bb6 60. Bc3 Kg3 61. Bf6 Kxh3 62. Bxg5 f3 63. Bd2 Kg3 64. Be1+ Kg4 65. Bf2 Bc7 66. b6 Bb8 67. b7 Kf4 68. Bg1 Ke4 69. Kf2 Ba7+ 70. Kf1 Bb8 71. Kf2 Bf4 72. Kf1 Bg3 73. Ba7 f2 74. Bxf2 Bb8 75. Bg1 Kf3 76. Bb6 Bg3 77. Bc5 Bb8 78. Bb6 Bg3 79. Kg1 Bb8 80. Kf1 1/2-1/2


[Site "https://www.chess.com"]

[Event "Titled Tuesday Blitz June 28 Early 2022"]
[White "Sirosh, Ilja"]
[Black "Garcia Cuenca, Victor"]
[WhiteFideId "4500458"]
[BlackFideId "2250829"]
[WhiteElo "2241"]
[BlackElo "2317"]
[Result "1-0"]
[Round "06"]
[TimeControl "180+1"]
[Date "2022.06.28"]
[WhiteClock "0:01:00"]
[BlackClock "0:00:15"]

1. e4 c6 2. d4 d5 3. exd5 cxd5 4. Bd3 Nc6 5. c3 Nf6 6. Bf4 e6 7. Nf3 Bd6 8. Bxd6 Qxd6 9. O-O O-O 10. Re1 b6 11. Nbd2 Bb7 12. Ne5 Nd7 13. f4 g6 14. Re3 f6 15. Nxd7 Qxd7 16. Qg4 Rae8 17. Rae1 Bc8 18. Qh4 Ne7 19. Nf3 Nf5 20. Bxf5 exf5 21. Qf2 Re4 22. Nd2 Ba6 23. Nxe4 fxe4 24. f5 Qxf5 25. Qxf5 gxf5 26. Rh3 Kg7 27. Kf2 f4 28. Rh4 Kg6 29. Rxf4 Kg5 30. g3 f5 31. Ke3 h5 32. a4 Bd3 33. a5 bxa5 34. Ra1 Rb8 35. Rxa5 Rxb2 36. Rf2 Rb3 37. Rxd5 Rxc3 38. Rfxf5+ Kg4 39. Rg5+ Kh3 40. Rxh5+ Kg2 41. Rdf5 Bb1+ 42. Kd2 Rd3+ 43. Ke2 Rxd4 44. Rf2+ Kg1 45. Rc5 Bd3+ 46. Ke3 Rc4 47. Rxc4 Bxc4 48. Rb2 1-0


[Site "https://www.chess.com"]

[Event "Titled Tuesday Blitz June 28 Early 2022"]
[White "Skliarov, Viktor"]
[Black "Richter, Nils"]
[WhiteFideId "14106736"]
[BlackFideId "12990809"]
[WhiteElo "2229"]
[BlackElo "2311"]
[Result "1-0"]
[Round "06"]
[TimeControl "180+1"]
[Date "2022.06.28"]
[WhiteClock "0:01:25"]
[BlackClock "0:00:42"]

1. e4 e6 2. d4 d5 3. e5 c5 4. c3 Qb6 5. Nf3 Bd7 6. Be2 cxd4 7. cxd4 Bb5 8. Bxb5+ Qxb5 9. Nc3 Qb6 10. O-O Nc6 11. Be3 Nh6 12. Na4 Qb5 13. Bxh6 gxh6 14. Rc1 Be7 15. b3 O-O 16. Qd2 Kg7 17. Nc5 b6 18. Nd7 Rfc8 19. Nf6 Bxf6 20. exf6+ Kxf6 21. Qxh6+ Ke7 22. Qg5+ Kf8 23. Qf6 Qd3 24. Rxc6 Rxc6 25. Ne5 Qf5 26. Qh8+ 1-0


[Site "https://www.chess.com"]

[Event "Titled Tuesday Blitz June 28 Early 2022"]
[White "Snehal, Bhosale"]
[Black "Jia, Haoxiang"]
[WhiteFideId "5021995"]
[BlackFideId "8602999"]
[WhiteElo "2103"]
[BlackElo "2610"]
[Result "0-1"]
[Round "06"]
[TimeControl "180+1"]
[Date "2022.06.28"]
[WhiteClock "0:01:03"]
[BlackClock "0:01:34"]

1. d4 d5 2. c4 c6 3. Nc3 Nf6 4. e3 g6 5. Nf3 Bg7 6. Bd3 O-O 7. O-O dxc4 8. Bxc4 Bg4 9. b3 Nbd7 10. Bb2 e5 11. Be2 Bxf3 12. Bxf3 exd4 13. Qxd4 Nd5 14. Qd2 Nxc3 15. Bxc3 Ne5 16. Qxd8 Nxf3+ 17. gxf3 Rfxd8 18. Bxg7 Kxg7 19. Rfd1 Kf6 20. Kf1 Ke5 21. Ke2 f5 22. Rac1 Rac8 23. Rc5+ Ke6 24. Rd3 Rxd3 25. Kxd3 Rd8+ 26. Ke2 Rd5 27. Rc4 a5 28. h4 Kd6 29. h5 b5 30. hxg6 hxg6 31. Rh4 Kc5 32. Rh6 Rd6 33. e4 fxe4 34. fxe4 Kd4 35. Kf3 Rf6+ 36. Kg4 Kxe4 37. Rh2 c5 38. Kg5 Rc6 39. f4 c4 40. bxc4 bxc4 41. Rh6 c3 42. f5 c2 43. Rh1 0-1


[Site "https://www.chess.com"]

[Event "Titled Tuesday Blitz June 28 Early 2022"]
[White "Sokolovsky, Yahli"]
[Black "Kopczynski, Michal"]
[WhiteFideId "2820242"]
[BlackFideId "1124200"]
[WhiteElo "1770"]
[BlackElo "2235"]
[Result "0-1"]
[Round "06"]
[TimeControl "180+1"]
[Date "2022.06.28"]
[WhiteClock "0:00:08"]
[BlackClock "0:00:24"]

1. b3 d6 2. d4 Nf6 3. Bb2 g6 4. Nf3 Bg7 5. g3 O-O 6. Bg2 Nc6 7. d5 Nb8 8. O-O e5 9. dxe6 fxe6 10. c4 e5 11. Nc3 Nc6 12. Nd2 Be6 13. Nde4 h6 14. Nxf6+ Bxf6 15. Qd3 Bf5 16. Be4 Qd7 17. Nd5 Bg7 18. f4 exf4 19. Bxg7 Qxg7 20. Nxf4 Rae8 21. Bxf5 Rxf5 22. e4 Rff8 23. Nd5 Ne5 24. Qe2 c6 25. Nf4 g5 26. Ng2 Nf3+ 27. Kh1 g4 28. Nf4 Re7 29. Rad1 Rfe8 30. Rxd6 Rxe4 31. Qf2 Kh7 32. h3 Re1 33. hxg4 Rxf1+ 34. Qxf1 Re1 35. Qxe1 Nxe1 36. Nh5 Qa1 37. Rd7+ Kg8 38. Kh2 Qxa2+ 0-1


[Site "https://www.chess.com"]

[Event "Titled Tuesday Blitz June 28 Early 2022"]
[White "Sukandar, Irine Kharisma"]
[Black "Aradhya, Garg"]
[WhiteFideId "7101937"]
[BlackFideId "25006746"]
[WhiteElo "2293"]
[BlackElo "2203"]
[Result "0-1"]
[Round "06"]
[TimeControl "180+1"]
[Date "2022.06.28"]
[WhiteClock "0:00:27"]
[BlackClock "0:01:24"]

1. d4 d5 2. Nc3 Nf6 3. Bf4 c5 4. e4 Nxe4 5. Nxe4 dxe4 6. dxc5 Qa5+ 7. c3 Qxc5 8. Qa4+ Nc6 9. Qxe4 Bf5 10. Qa4 e5 11. Be3 Qa5 12. Qxa5 Nxa5 13. Bb5+ Bd7 14. Bxd7+ Kxd7 15. O-O-O+ Ke6 16. Kc2 Nc4 17. Bc1 Bc5 18. Nf3 f6 19. Rhf1 Rhd8 20. b3 Rxd1 21. Rxd1 Nd6 22. Be3 Bxe3 23. fxe3 Rc8 24. Nd2 g5 25. a4 h5 26. c4 g4 27. Kd3 h4 28. b4 b6 29. Ra1 Rd8 30. Kc3 Nf5 31. e4 Ne3 32. g3 hxg3 33. hxg3 f5 34. a5 f4 35. axb6 axb6 36. gxf4 exf4 37. Rf1 f3 38. Re1 f2 39. Rh1 g3 40. Nf3 g2 41. Rh6+ Kf7 42. Ng5+ Kg7 0-1


[Site "https://www.chess.com"]

[Event "Titled Tuesday Blitz June 28 Early 2022"]
[White "Tan, Jun Ying"]
[Black "Onslow, Alfie"]
[WhiteFideId "5710413"]
[BlackFideId "436976"]
[WhiteElo "1827"]
[BlackElo "1885"]
[Result "1-0"]
[Round "06"]
[TimeControl "180+1"]
[Date "2022.06.28"]
[WhiteClock "0:00:09"]
[BlackClock "0:00:01"]

1. Nf3 c5 2. c4 Nc6 3. g3 g6 4. Bg2 Bg7 5. O-O Nf6 6. Nc3 e5 7. d3 O-O 8. Bg5 d6 9. Ne1 h6 10. Bxf6 Bxf6 11. Nc2 Be6 12. Ne3 Qd7 13. Ned5 Bg7 14. Re1 f5 15. e3 g5 16. f4 Ne7 17. Nxe7+ Qxe7 18. Nd5 Qd7 19. Rb1 b5 20. b4 bxc4 21. dxc4 e4 22. b5 Qb7 23. b6 Bxd5 24. bxa7 Qc6 25. cxd5 Qa6 26. a4 g4 27. Bf1 Qxa7 28. Bb5 Qa5 29. Re2 h5 30. h3 Bf6 31. hxg4 hxg4 32. Bd7 Bc3 33. Be6+ Kg7 34. Rb7+ Kg6 35. Qb3 Bf6 36. Bd7 Rh8 37. Qb6 Rh3 38. Qxd6 Rxg3+ 39. Kf2 Rf3+ 40. Kg2 Qd8 41. Qe6 Qh8 42. Qxf5+ Kg7 43. Be6+ Kf8 44. Qxg4 1-0


[Site "https://www.chess.com"]

[Event "Titled Tuesday Blitz June 28 Early 2022"]
[White "Tari, Aryan"]
[Black "Steinberg, Nitzan"]
[WhiteFideId "1510045"]
[BlackFideId "2801795"]
[WhiteElo "2947"]
[BlackElo "2842"]
[Result "0-1"]
[Round "06"]
[TimeControl "180+1"]
[Date "2022.06.28"]
[WhiteClock "0:00:07"]
[BlackClock "0:01:04"]

1. Nf3 d5 2. g3 g6 3. d4 Nf6 4. Bg2 Bg7 5. O-O O-O 6. c3 b6 7. c4 c6 8. b3 Ne4 9. Bb2 a5 10. Nc3 Nxc3 11. Bxc3 Ba6 12. Qd3 Nd7 13. e4 dxc4 14. bxc4 b5 15. a3 Nc5 16. Qc2 Na4 17. Bd2 c5 18. d5 Qd7 19. e5 bxc4 20. e6 fxe6 21. dxe6 Qe8 22. Be3 Bb7 23. Nd2 Bxg2 24. Kxg2 Bxa1 25. Rxa1 c3 26. Nc4 Qc6+ 27. Kg1 Rab8 28. Ne5 Qxe6 29. f4 Qb3 30. Qe4 c2 31. Ng4 Qb1+ 0-1


[Site "https://www.chess.com"]

[Event "Titled Tuesday Blitz June 28 Early 2022"]
[White "Tasev, Dejan"]
[Black "Kohler, Aran"]
[WhiteFideId "936618"]
[BlackFideId "1002856"]
[WhiteElo "2253"]
[BlackElo "2267"]
[Result "1/2-1/2"]
[Round "06"]
[TimeControl "180+1"]
[Date "2022.06.28"]
[WhiteClock "0:02:18"]
[BlackClock "0:02:08"]

1. e4 c6 2. d4 d5 3. Nc3 dxe4 4. Nxe4 Bf5 5. Ng3 Bg6 6. Nf3 Nd7 7. Bc4 e6 8. Bb3 a5 9. a3 a4 10. Ba2 Ngf6 11. O-O Bd6 12. c3 O-O 13. Nh4 Ra5 14. Nxg6 hxg6 15. Qf3 Qc7 16. Rd1 Nh5 17. Be3 Nxg3 18. hxg3 Rf5 19. Qe2 Rh5 20. Qf3 Rf5 21. Qe2 Rh5 22. Qf3 Rf5 1/2-1/2


[Site "https://www.chess.com"]

[Event "Titled Tuesday Blitz June 28 Early 2022"]
[White "Thorhallsson, Simon"]
[Black "Korchmar, Vasiliy"]
[WhiteFideId "2310090"]
[BlackFideId "24131750"]
[WhiteElo "2137"]
[BlackElo "2370"]
[Result "0-1"]
[Round "06"]
[TimeControl "180+1"]
[Date "2022.06.28"]
[WhiteClock "0:00:14"]
[BlackClock "0:00:26"]

1. e4 c5 2. Nf3 d6 3. d4 cxd4 4. Nxd4 Nf6 5. Nc3 Nc6 6. g3 g6 7. Nde2 Bg7 8. Bg2 O-O 9. O-O Rb8 10. a4 a6 11. h3 b5 12. axb5 axb5 13. Be3 b4 14. Nd5 Nd7 15. Ra2 Nc5 16. b3 Bd7 17. Nd4 e6 18. Nf4 Nxd4 19. Bxd4 Bc6 20. Bxg7 Kxg7 21. Ra7 Rb7 22. Rxb7 Bxb7 23. Qd2 Bxe4 24. Bxe4 Nxe4 25. Qd4+ Nf6 26. Qxb4 Qc7 27. c4 Ne4 28. Re1 Rb8 29. Qa3 Qc6 30. h4 h5 31. Re3 Kh7 32. Qa7 Rb7 33. Qa8 Nd2 34. Qe8 Qxe8 0-1


[Site "https://www.chess.com"]

[Event "Titled Tuesday Blitz June 28 Early 2022"]
[White "Torres Cueto, Jesus Marcial"]
[Black "Zhigalko, Sergei"]
[WhiteFideId "4415280"]
[BlackFideId "13502956"]
[WhiteElo "2055"]
[BlackElo "2662"]
[Result "0-1"]
[Round "06"]
[TimeControl "180+1"]
[Date "2022.06.28"]
[WhiteClock "0:00:02"]
[BlackClock "0:00:04"]

1. d4 Nf6 2. c4 e6 3. Nc3 Bb4 4. Qc2 O-O 5. Nf3 d5 6. e3 b6 7. a3 Be7 8. Bd3 c5 9. O-O Bb7 10. cxd5 exd5 11. Bd2 Nc6 12. dxc5 bxc5 13. Rfd1 Re8 14. Rac1 g6 15. Qb1 Rc8 16. Ne2 d4 17. exd4 cxd4 18. b4 Bd6 19. h3 Ne5 20. Nfxd4 Nxd3 21. Qxd3 Rxc1 22. Rxc1 Bb8 23. Be3 Nh5 24. Qb5 Qe7 25. Nc6 Bxc6 26. Qxc6 Qe5 27. g3 Rd8 28. Qc5 Qe6 29. Qc3 Qxh3 30. Qc2 Qg4 31. Rd1 Rc8 32. Qd3 Nf6 33. Qd4 Qxe2 34. Rd2 Qe1+ 35. Kg2 Ne8 0-1


[Site "https://www.chess.com"]

[Event "Titled Tuesday Blitz June 28 Early 2022"]
[White "Vachier-Lagrave, Maxime"]
[Black "Lashkin, Jegor"]
[WhiteFideId "623539"]
[BlackFideId "13907808"]
[WhiteElo "3011"]
[BlackElo "2905"]
[Result "1-0"]
[Round "06"]
[TimeControl "180+1"]
[Date "2022.06.28"]
[WhiteClock "0:00:44"]
[BlackClock "0:00:03"]

1. e4 c5 2. Nf3 d6 3. d4 cxd4 4. Nxd4 Nf6 5. Nc3 a6 6. h4 e5 7. Nb3 Be7 8. Bg5 Be6 9. Qd2 Nbd7 10. g3 O-O 11. Be2 b5 12. a3 Nb6 13. Na5 Qc7 14. O-O Rfd8 15. Bf3 Rac8 16. Rfd1 h6 17. Bxf6 Bxf6 18. Rac1 Na4 19. Nxa4 bxa4 20. b4 Qc3 21. Qd3 Rc7 22. Be2 Qb2 23. c4 Rdc8 24. Qe3 Be7 25. Rc3 Rd7 26. Rdc1 Bd8 27. R3c2 Qd4 28. Qxd4 exd4 29. Rd1 Bxa5 30. bxa5 Rc5 31. Rxd4 Rxa5 32. Rb2 Kf8 33. Rb4 Ke7 34. f4 Rc7 35. Kf2 g5 36. Ke3 gxh4 37. gxh4 Bd7 38. Rb6 Rc6 39. Rb7 Kd8 40. e5 Ke7 41. Bg4 dxe5 42. Rdxd7+ 1-0


[Site "https://www.chess.com"]

[Event "Titled Tuesday Blitz June 28 Early 2022"]
[White "Vainio, Ville"]
[Black "Iinuma, Paul Y"]
[WhiteFideId "507270"]
[BlackFideId "2031809"]
[WhiteElo "2240"]
[BlackElo "2052"]
[Result "1-0"]
[Round "06"]
[TimeControl "180+1"]
[Date "2022.06.28"]
[WhiteClock "0:00:36"]
[BlackClock "0:00:03"]

1. e4 e6 2. d4 d5 3. Bd3 c5 4. exd5 Qxd5 5. Nc3 Qxd4 6. Nf3 Qd8 7. Bf4 a6 8. Ne5 Nf6 9. Qf3 Bd6 10. O-O-O Qc7 11. Rhe1 Nc6 12. Bb5 O-O 13. Rxd6 Qxd6 14. Nxc6 Qd7 15. Ne5 Qd4 16. Rd1 Qb4 17. a3 Qa5 18. Nc4 Qxb5 19. Nxb5 axb5 20. Nb6 Ra6 21. Nxc8 Rxc8 22. Qxb7 Rac6 23. Qxc6 Rxc6 24. Rd8+ 1-0


[Site "https://www.chess.com"]

[Event "Titled Tuesday Blitz June 28 Early 2022"]
[White "Vianello, Enrico"]
[Black "Prieto Aranguren, Alain"]
[WhiteFideId "810738"]
[BlackFideId "2268906"]
[WhiteElo "2240"]
[BlackElo "2224"]
[Result "0-1"]
[Round "06"]
[TimeControl "180+1"]
[Date "2022.06.28"]
[WhiteClock "0:00:57"]
[BlackClock "0:01:33"]

1. Nf3 h5 2. d4 h4 3. h3 c5 4. d5 e6 5. c4 exd5 6. cxd5 Nf6 7. Nc3 d6 8. Bg5 Qb6 9. Qb3 Qb4 10. Qxb4 cxb4 11. Bxf6 gxf6 12. Ne4 Be7 13. e3 Na6 14. Rc1 Bd7 15. Be2 Rh5 16. O-O Rxd5 17. Rfd1 Ra5 18. Bc4 Rc8 19. Bb3 Nc5 20. Nxd6+ Bxd6 21. Rxd6 Nxb3 22. Rxc8+ Bxc8 23. axb3 Be6 24. Nd4 Ke7 25. Nxe6 Kxd6 26. Nd4 Ra2 27. Kh2 Rxb2 28. g3 hxg3+ 29. Kxg3 a5 30. h4 Ke7 31. h5 Kf8 32. f4 a4 33. bxa4 b3 34. Kf3 Rb1 0-1


[Site "https://www.chess.com"]

[Event "Titled Tuesday Blitz June 28 Early 2022"]
[White "Vidruska, Renate"]
[Black "Sadubayev, Airat"]
[WhiteFideId "11601841"]
[BlackFideId "13713264"]
[WhiteElo "1873"]
[BlackElo "2230"]
[Result "1-0"]
[Round "06"]
[TimeControl "180+1"]
[Date "2022.06.28"]
[WhiteClock "0:00:22"]
[BlackClock "0:00:02"]

1. e4 c6 2. d4 d5 3. Nd2 dxe4 4. Nxe4 Bf5 5. Ng3 Bg6 6. h4 h6 7. Nf3 e6 8. h5 Bh7 9. Bd3 Bxd3 10. Qxd3 Nf6 11. Bd2 Be7 12. O-O-O O-O 13. Kb1 Nbd7 14. Ne4 Nxe4 15. Qxe4 Nf6 16. Qe2 Qb6 17. Bc1 c5 18. Ne5 cxd4 19. g4 Nh7 20. f4 Bf6 21. Nd7 Qc7 22. Nxf8 Rxf8 23. Qd3 a5 24. Rdg1 e5 25. g5 hxg5 26. fxg5 Be7 27. g6 Nf6 28. h6 gxh6 29. gxf7+ Kxf7 30. Rxh6 Ke8 31. Qb5+ Qc6 32. Qxe5 Kd7 33. Qxd4+ Kc7 34. Bf4+ Kc8 35. Qe5 Bc5 36. Rd1 Re8 37. Qb8# 1-0


[Site "https://www.chess.com"]

[Event "Titled Tuesday Blitz June 28 Early 2022"]
[White "Vlassov, Nikolai"]
[Black "Samsonkin, Artiom"]
[WhiteFideId "4103360"]
[BlackFideId "13503111"]
[WhiteElo "2407"]
[BlackElo "2513"]
[Result "0-1"]
[Round "06"]
[TimeControl "180+1"]
[Date "2022.06.28"]
[WhiteClock "0:01:48"]
[BlackClock "0:00:49"]

1. e4 d5 2. exd5 Qxd5 3. Nc3 Qa5 4. Nf3 Nf6 5. d4 Bg4 6. h3 Bxf3 7. Qxf3 c6 8. Bc4 e6 9. Bd2 Nbd7 10. O-O-O Qb6 11. Bf4 Bb4 12. Ne4 Nxe4 13. Qxe4 Nf6 14. Qf3 O-O-O 15. Be5 Be7 16. g4 Rhf8 17. g5 Ne8 18. h4 Bd6 19. h5 Qa5 20. Rhe1 Bxe5 21. Rxe5 Qb4 22. Bxe6+ fxe6 23. Qe4 Nd6 24. Qxh7 Nc4 0-1


[Site "https://www.chess.com"]

[Event "Titled Tuesday Blitz June 28 Early 2022"]
[White "Xu, Yi"]
[Black "Odegov, Artem"]
[WhiteFideId "8605564"]
[BlackFideId "34183644"]
[WhiteElo "2471"]
[BlackElo "2286"]
[Result "0-1"]
[Round "06"]
[TimeControl "180+1"]
[Date "2022.06.28"]
[WhiteClock "0:00:04"]
[BlackClock "0:00:02"]

1. e4 e6 2. d4 d5 3. e5 c5 4. c3 Qb6 5. Nf3 Nc6 6. a3 Nh6 7. Bd3 Bd7 8. O-O cxd4 9. Re1 Be7 10. b4 a6 11. Ra2 Rc8 12. Bd2 Ng4 13. h3 Nxf2 14. Kxf2 dxc3+ 15. Be3 d4 16. Bf4 Bxb4 17. axb4 Nxb4 18. Rae2 O-O 19. Na3 Ba4 20. Qxa4 Nxd3+ 21. Kg3 Nxf4 22. Kxf4 d3 23. Re3 d2 24. Rd1 Rfd8 25. Nc2 h6 26. Re4 Qf2 27. Rd4 g5+ 28. Ke4 Qe2+ 29. Ne3 b5 30. Qc2 Rc4 31. Rxc4 bxc4 32. Nd4 Qf2 33. Qxc3 Qf4# 0-1


[Site "https://www.chess.com"]

[Event "Titled Tuesday Blitz June 28 Early 2022"]
[White "Yaniuk, Volodymyr"]
[Black "Matveeva, Olga"]
[WhiteFideId "14133083"]
[BlackFideId "24107018"]
[WhiteElo "2207"]
[BlackElo "2052"]
[Result "0-1"]
[Round "06"]
[TimeControl "180+1"]
[Date "2022.06.28"]
[WhiteClock "0:01:25"]
[BlackClock "0:00:50"]

1. d4 Nf6 2. Bf4 d5 3. e3 e6 4. Nc3 c5 5. Nb5 Na6 6. c3 Be7 7. Nf3 O-O 8. h3 Ne4 9. Nd2 cxd4 10. Nxe4 dxe4 11. exd4 Qd5 12. Qb3 Bd7 13. a4 Qxb3 14. Bc1 Bxb5 15. axb5 Nc7 16. Be2 Nxb5 17. O-O Nc7 18. Re1 a5 19. Bf1 f5 20. f3 exf3 21. gxf3 Qd5 22. Kg2 f4 23. Re4 Qg5+ 24. Kf2 Qg3+ 25. Ke2 Bf6 26. Bxf4 Qg6 27. Bxc7 a4 28. Bd6 Rfe8 29. Rd1 Rad8 30. Bc7 Rd7 31. Bf4 e5 32. dxe5 Rxd1 33. Kxd1 Rd8+ 34. Kc2 Be7 35. Bc4+ Kh8 36. Be2 Qg2 37. h4 Bxh4 38. e6 Be7 39. Bc7 Rc8 40. Be5 b5 41. Kd3 Rd8+ 42. Ke3 Qg1+ 43. Kf4 Qg5# 0-1


[Site "https://www.chess.com"]

[Event "Titled Tuesday Blitz June 28 Early 2022"]
[White "Zubritskiy, Artyom"]
[Black "Hoffmann, Asa"]
[WhiteFideId "4181247"]
[BlackFideId "2001470"]
[WhiteElo "2478"]
[BlackElo "2117"]
[Result "1-0"]
[Round "06"]
[TimeControl "180+1"]
[Date "2022.06.28"]
[WhiteClock "0:00:22"]
[BlackClock "0:00:08"]

1. d4 Nf6 2. c4 c5 3. dxc5 Na6 4. g3 Nxc5 5. Bg2 d6 6. Nc3 g6 7. Nf3 Bg7 8. Nd4 O-O 9. O-O a6 10. b3 Rb8 11. Bb2 Qc7 12. Rc1 Bh6 13. e3 Rd8 14. b4 Ne6 15. Nd5 Qd7 16. Nxf6+ exf6 17. Ne2 Bg7 18. Nc3 Nc7 19. Qd4 Qe7 20. Rfd1 Be6 21. Ne4 Ne8 22. Qb6 f5 23. Bxg7 fxe4 24. Bb2 f5 25. Qd4 Kf7 26. h3 Rbc8 27. Bf1 Nf6 28. Rd2 Rc6 29. Rdc2 Rdc8 30. a4 b5 31. axb5 axb5 32. c5 dxc5 33. Rxc5 Rxc5 34. bxc5 Rd8 35. Qc3 Rb8 36. c6 b4 37. Qe5 Rc8 38. Ba6 Rc7 39. Bb5 Bd5 40. Qd4 Be6 41. Rc5 b3 42. Bc3 h5 43. Ba5 h4 44. Bxc7 Qxc7 45. Kg2 Ke7 46. Rc1 Nd5 47. Qc5+ Kf7 48. Be2 Nf6 49. gxh4 Qe7 50. Qxe7+ Kxe7 51. Rb1 Kd6 52. Bd1 Kxc6 53. Bxb3 Bxb3 54. Rxb3 Kd6 55. Rb6+ Ke7 56. Ra6 Kf7 57. Kf1 Kg7 58. Ke2 Nd5 59. Kd2 Nb4 60. Rd6 Nd3 61. Rxd3 exd3 62. Kxd3 Kh6 63. f3 Kh5 64. e4 Kxh4 65. e5 Kxh3 66. e6 g5 67. e7 g4 68. fxg4 fxg4 69. e8=Q g3 70. Qh5+ Kg2 71. Ke2 Kg1 72. Qh3 g2 73. Kf3 Kf1 74. Qxg2+ 1-0


[Site "https://www.chess.com"]

[Event "Titled Tuesday Blitz June 28 Early 2022"]
[White "Adewumi, Tanitoluwa"]
[Black "Mekhane, Adam"]
[WhiteFideId "30966396"]
[BlackFideId "36050601"]
[WhiteElo "2683"]
[BlackElo "2002"]
[Result "1/2-1/2"]
[Round "07"]
[TimeControl "180+1"]
[Date "2022.06.28"]
[WhiteClock "0:00:09"]
[BlackClock "0:00:09"]

1. e4 e5 2. Nf3 Nc6 3. Bc4 Nf6 4. d3 h6 5. h3 d6 6. Nbd2 g6 7. Nf1 Bg7 8. Ng3 O-O 9. Bb3 a6 10. c3 d5 11. Qe2 Kh7 12. O-O Be6 13. Rd1 Qe7 14. Be3 dxe4 15. dxe4 Rad8 16. Bxe6 Qxe6 17. Bc5 Rfe8 18. Nh4 Rd7 19. Rf1 Red8 20. Be3 Ne7 21. Qf3 Rd3 22. Kh2 Qc6 23. a4 a5 24. Ra3 b6 25. Rc1 Kg8 26. c4 Rxa3 27. bxa3 Qxa4 28. c5 Qxa3 29. cxb6 cxb6 30. Rc7 Qd6 31. Rb7 Nc8 32. Ngf5 Qc6 33. Rb8 Qxe4 34. Qxe4 Nxe4 35. Rxc8 Rxc8 36. Ne7+ Kh7 37. Nxc8 b5 38. Na7 b4 39. Nf3 a4 40. Nc6 b3 41. Bc1 Nxf2 42. Ba3 Nd3 43. Nd2 b2 44. Na5 e4 45. Nac4 e3 46. Nxe3 Be5+ 47. g3 h5 48. Nec4 Bc3 49. Kg2 h4 50. Kf3 hxg3 51. Kxg3 Kh6 52. Kf3 Kh5 53. Ke3 Ne5 54. Nxe5 Bxe5 55. Kd3 Kh4 56. Nf3+ Kxh3 57. Kc2 Bf6 58. Nd2 g5 59. Ne4 g4 60. Nxf6 g3 61. Nh5 g2 62. Nf4+ Kh2 63. Ne2 g1=Q 64. Bd6+ Kg2 65. Nxg1 Kxg1 66. Kxb2 f5 67. Ka3 f4 68. Kxa4 f3 69. Bc5+ f2 70. Ka5 Kg2 71. Bxf2 1/2-1/2


[Site "https://www.chess.com"]